 Dungeon Sprint DCSS version 0.22.1-1-ga44c0e56f4 (webtiles) character file.

4566 MuseOD the Unseen (level 10, -14/53 HPs)
             Began as a Spriggan Enchanter on Sept 23, 2018.
             Was the Champion of Dithmenos.
             Demolished by Donald
             ... wielding a +0 scimitar
              (30 damage)
             ... in the Dungeon (Sprint V: "Ziggurat Sprint").
             The game lasted 00:06:49 (940 turns).

MuseOD the Unseen (Spriggan Enchanter)               Turns: 940, Time: 00:06:49

Health: -14/53     AC:  4    Str:  4    XL:     10   Next: 18%
Magic:  11/25      EV: 18    Int: 33    God:    Dithmenos [******]
Gold:   0          SH:  0    Dex: 16    Spells: 11/30 levels left

rFire    . . .     SeeInvis +   G - +8 dagger of the Fray {elec, rC+ MR+}
rCold    + . .     Gourm    .   (shield restricted)
rNeg     + . .     Faith    .   E - +2 robe {MR+}
rPois    .         Spirit   .   (helmet restricted)
rElec    .         Reflect  .   (no cloak)
rCorr    .         Harm     .   (gloves unavailable)
MR       +++++     Clarity  +   (boots unavailable) Stlth ++++++++++NoTele +
                                F - amulet of the Four Winds {rN+ MR+++ Clar}
HPRegen  0.17/turn              A - +6 ring of intelligence
MPRegen  0.19/turn              B - +6 ring of intelligence

@: lethally poisoned (-14 -> -29), very slightly contaminated, wreathed by
umbra, studying Ice Magic, invisible, very quick
A: very small, unfitting armour, see invisible, herbivore, speed 3, slow
metabolism 2
a: Shadow Step, Shadow Form, Renounce Religion


You were in the Dungeon.
You worshipped Dithmenos.
Dithmenos was exalted by your worship.
You were not hungry.

You visited 1 branch

Inventory:

Hand Weapons
 u - a +5 quick blade
 G - the +8 dagger of the Fray (weapon) {elec, rC+ MR+}
   (You found it in the Dungeon)

   Occasionally, upon striking a foe, it will discharge some electrical energy
   and cause terrible harm.
   It protects you from cold.
   It affects your resistance to hostile enchantments.
Armour
 E - a +2 robe of magic resistance (worn)
Jewellery
 b - the amulet of Vitality {Regen+ HP+15}
   (You found it in the Dungeon)

   [amulet of regeneration]

   It affects your health (+15).
   It increases your rate of regeneration.
 y - a +6 ring of dexterity
 z - a +6 ring of dexterity
 A - a +6 ring of intelligence (left hand)
 B - a +6 ring of intelligence (right hand)
 C - a +6 ring of strength
 D - a +6 ring of strength
 F - the amulet of the Four Winds (around neck) {rN+ MR+++ Clar}
   (You found it in the Dungeon)

   [amulet of nothing]

   It protects you from negative energy.
   It affects your resistance to hostile enchantments.
   It protects you against confusion.
 I - a +5 ring of evasion
Wands
 v - a wand of disintegration (7)
 w - a wand of iceblast (7)
 x - a wand of acid (6)
Scrolls
 j - 3 scrolls of blinking
 m - 4 scrolls of amnesia
 p - 7 scrolls of fog
 q - a scroll of holy word
 r - 5 scrolls of identify
 s - 5 scrolls of remove curse
 t - 2 scrolls of fear
 H - 4 scrolls of enchant weapon
 J - a scroll of brand weapon
Potions
 c - 2 potions of brilliance
 e - 10 potions of curing
 f - 4 potions of heal wounds
 g - 6 potions of haste
 h - 7 potions of magic
 i - 3 potions of berserk rage
 k - a potion of invisibility
 l - 4 potions of resistance
 n - 5 potions of agility
 o - 5 potions of might
Books
 a - a manual of Ice Magic
Comestibles
 d - 7 rations


   Skills:
 - Level 6.4 Fighting
 + Level 14.6 Short Blades
 - Level 3.0 Dodging
 + Level 17.2 Stealth
 + Level 10.7 Spellcasting
 + Level 5.4 Conjurations
 + Level 11.0 Hexes


You had 11 spell levels left.
You knew the following spells:

 Your Spells              Type           Power        Failure   Level  Hunger
a - Corona                Hex            ######.      1%          1    None
b - Ensorcelled Hibernat  Hex/Ice        ######       1%          2    None
c - Confuse               Hex            ######..     1%          3    None
d - Dazzling Spray        Conj/Hex       ######       1%          3    None
e - Bolt of Magma         Conj/Fire/Erth ####......   34%         5    ##.....
f - Venom Bolt            Conj/Pois      #####.....   24%         5    ##.....

Your spell library contained the following spells:

 Spells                   Type           Power        Failure   Level  Hunger
 Slow                     Hex            ######..     1%          2    None
 Inner Flame              Hex/Fire       ######..     1%          3    None
 Portal Projectile        Hex/Tloc       ######       1%          3    None
 Tukima's Dance           Hex            ######..     1%          3    None
 Cause Fear               Hex            ######....   1%          4    None
 Static Discharge         Conj/Air       #####...     2%          3    None
 Leda's Liquefaction      Hex/Erth       ######....   2%          4    None
 Iskenderun's Battlesphe  Conj/Chrm      #####...     24%         5    ##.....
 Lightning Bolt           Conj/Air       #####.....   24%         5    ##.....
 Iron Shot                Conj/Erth      #####.....   78%         6    ####...
 Orb of Destruction       Conj           ######....   93%         7    ######.
 Spellforged Servitor     Conj/Summ      #####.....   100%        7    ######.
 Ignition                 Fire           ###.......   100%        8    #######
 Shatter                  Erth           ###.......   100%        9    #######
 Tornado                  Air            ###.......   100%        9    #######


Dungeon Overview and Level Annotations

Branches:
Dungeon (1/1)

Altars:
Ashenzari
Cheibriados
Dithmenos
Elyvilon
Fedhas
Gozag
Hepliaklqana
Kikubaaqudgha
Makhleb
Nemelex Xobeh
Okawaru
Qazlal
Ru
Sif Muna
Trog
Uskayaw
Vehumet
Wu Jian
Xom
Yredelemnul
Zin
The Shining One
Beogh
Jiyva
Lugonu

Annotations:
D 1 transporter, Donald, Duvessa, Edmund, Harold, Kirke, Nessos, Pikel, Rupert, Saint Roka


Innate Abilities, Weirdness & Mutations

You are very small and have problems with some larger weapons.
You are too small for most types of armour.
You have supernaturally acute eyesight. (SInv)
You are a herbivore.
You cover ground extremely quickly.
You need to consume almost no food.


Message History

Aiming: Dazzling Spray (safe; 1% risk of failure)
Press: ? - help, Shift-Dir - straight line, f/p - Saint Roka
Aim: Saint Roka, wielding a glaive of protection and wearing a plate armour
Okay, then.
You feel sick. Kirke misses you.
Nessos shoots an arrow.
The arrow hits Saint Roka!
The arrow burns Saint Roka!
Saint Roka hits you with a glaive of protection!
You emit a cloud of dark smoke.
You hit Donald but do no damage.
Donald is lightly wounded.
Your shadow hits Donald but does no damage.
You strike the helpless Saint Roka from behind!
You skewer Saint Roka like a kebab!!! Lightning courses through Saint Roka!
Saint Roka is heavily wounded.
Your shadow barely misses Saint Roka.
You emit a cloud of dark smoke.
You feel sick.
Donald shouts!
Donald hits you with a scimitar!!
Ouch! That really hurt!
You die...

▓▓▓▓▓▓▓▓▓▓▓▓▓▓▓▓
▓...8©8...▓...8©8.
▓..:)[):..▓....)|)
▓..|}!)e..▓...†)[)
▓...§§@@..▓.......
▓.§.§@§...▓.......
▓§ec@§§§..▓.......
▓@o§§K§§..▓.......
▓@§@§§§§..▓.▓.....
▓@▓§§§§§▓.▓....©..
▓§§.§§§§..▓▓▓▓▓▓▓▓
▓▓▓▓▓▓▓▓▓▓▓


You could see Saint Roka (wandering), Rupert, Kirke, Donald, Nessos and Duvessa.

Vanquished Creatures
  A spriggan druid (D)
  A deep elf mage (D)
  An apocalypse crab (D)
  4 merfolk (D)
  An air elemental (D)
  2 starcursed masses (D)
  Sigmund (D)
  A spriggan (D)
  2 nagas (D)
  5 water moccasins (D)
  2 black bears (D)
  2 wolves (D)
  Blork the orc (D)
  A small abomination (D)
  A wight (D)
  A crimson imp (D)
  2 quasits (D)
  Crazy Yiuf (D)
  A jelly (D)
  8 iron imps (D)
  Jessica (D)
  6 adders (D)
  3 shadow imps (D)
  5 white imps (D)
  A ball python (D)
55 creatures vanquished.

Notes
Turn   | Place    | Note
-------+----------+-------------------------------------------
     0 | D        | Found the +6 Majin-Bo {vamp, Archmagi MP+6 Int+6}
     0 | D        | Found the +7 great mace "Firestarter" {inner flame, rF++}
     0 | D        | MuseOD the Spriggan Enchanter began the quest for the Orb.
     0 | D        | Reached XP level 1. HP: 9/9 MP: 5/5
     0 | D        | Found a deep blue altar of Sif Muna.
     0 | D        | Found a bloodstained altar of Trog.
     0 | D        | Found a sacrificial altar of Ru.
     0 | D        | Found a stormy altar of Qazlal.
     0 | D        | Found an iron altar of Okawaru.
     1 | D        | Found a sparkling altar of Nemelex Xobeh.
     2 | D        | Found a blossoming altar of Fedhas.
     3 | D        | Banished a spatial maelstrom
     4 | D        | Reached skill level 5 in Short Blades
     4 | D        | Reached skill level 7 in Stealth
     4 | D        | Reached XP level 2. HP: 16/16 MP: 6/6
     5 | D        | Found a transporter.
     5 | D        | Found an ancient bone altar of Kikubaaqudgha.
     5 | D        | Found a viscous altar of Jiyva.
     5 | D        | Found a corrupted altar of Lugonu.
     5 | D        | Found a hazy altar of Hepliaklqana.
     5 | D        | Found a burning altar of Makhleb.
     5 | D        | Found an opulent altar of Gozag.
    20 | D        | Became a worshipper of Dithmenos the Shadowed
    43 | D        | Entered arena 2.
    43 | D        | Noticed a deep elf mage
    43 | D        | Noticed an air elemental
    43 | D        | Found a transporter.
    47 | D        | Killed an air elemental
    47 | D        | Reached skill level 10 in Stealth
    47 | D        | Reached XP level 3. HP: 21/21 MP: 8/8
    47 | D        | Reached XP level 4. HP: 26/26 MP: 9/9
    47 | D        | Reached XP level 5. HP: 30/30 MP: 10/10
    48 | D        | Killed a deep elf mage
    48 | D        | Reached skill level 12 in Stealth
    48 | D        | Reached XP level 6. HP: 37/37 MP: 11/11
    48 | D        | Reached XP level 7. HP: 41/41 MP: 12/12
    52 | D        | Learned a level 2 spell: Ensorcelled Hibernation
    56 | D        | Learned a level 3 spell: Confuse
    60 | D        | Learned a level 3 spell: Dazzling Spray
    66 | D        | Entered arena 3.
    66 | D        | Noticed a starcursed mass
    66 | D        | Found a transporter.
    72 | D        | Reached * piety under Dithmenos
    77 | D        | Entered arena 4.
    77 | D        | Noticed Sigmund
    77 | D        | Noticed Jessica
    77 | D        | Noticed Blork the orc
    77 | D        | Noticed Crazy Yiuf
    77 | D        | Found a transporter.
    89 | D        | Killed Crazy Yiuf
    95 | D        | Killed a starcursed mass
    95 | D        | Reached ** piety under Dithmenos
    95 | D        | Reached skill level 13 in Stealth
    95 | D        | Reached skill level 5 in Hexes
    99 | D        | Killed Jessica
   103 | D        | Killed a starcursed mass
   103 | D        | Reached skill level 5 in Spellcasting
   106 | D        | Killed Sigmund
   106 | D        | Reached *** piety under Dithmenos
   106 | D        | Reached skill level 14 in Stealth
   106 | D        | Reached XP level 8. HP: 6/45 MP: 10/18
   111 | D        | Killed Blork the orc
   166 | D        | Learned a level 5 spell: Bolt of Magma
   172 | D        | Learned a level 5 spell: Venom Bolt
   274 | D        | Entered arena 5.
   274 | D        | Noticed a merfolk
   274 | D        | Noticed a merfolk
   274 | D        | Noticed a merfolk
   274 | D        | Noticed a merfolk
   274 | D        | Found a transporter.
   278 | D        | Killed a merfolk
   278 | D        | Reached skill level 1 in Conjurations
   280 | D        | Killed a merfolk
   281 | D        | Killed a merfolk
   281 | D        | Reached skill level 15 in Stealth
   282 | D        | Killed a merfolk
   282 | D        | Reached **** piety under Dithmenos
   282 | D        | Reached XP level 9. HP: 45/49 MP: 14/22
   327 | D        | Entered arena 6.
   327 | D        | Found a transporter.
   358 | D        | Entered arena 7.
   359 | D        | Found a transporter.
   375 | D        | Reached ***** piety under Dithmenos
   469 | D        | Entered arena 8.
   469 | D        | Noticed a spriggan druid
   470 | D        | Found the +8 trident of the Octopus King {venom, rElec
                  | rPois MR+}
   470 | D        | Found the amulet of Vitality {Regen+ HP+15}
   470 | D        | Found the amulet of the Four Winds {rN+ MR+++ Clar}
   471 | D        | Found a transporter.
   480 | D        | Killed a spriggan druid
   480 | D        | Reached skill level 16 in Stealth
   501 | D        | Reached skill level 10 in Hexes
   636 | D        | Entered arena 9.
   636 | D        | Noticed an apocalypse crab
   641 | D        | Found a transporter.
   643 | D        | Reached ****** piety under Dithmenos
   670 | D        | Killed an apocalypse crab
   670 | D        | Reached skill level 10 in Spellcasting
   746 | D        | Entered arena 10.
   768 | D        | Found a transporter.
   778 | D        | Reached skill level 5 in Conjurations
   779 | D        | Reached XP level 10. HP: 52/53 MP: 6/25
   806 | D        | Got the +8 dagger of the Fray {elec, rC+ MR+}
   898 | D        | Entered arena 11.
   899 | D        | Found a transporter.
   903 | D        | Reached skill level 17 in Stealth
   926 | D        | Entered arena 12.
   926 | D        | Noticed Donald
   926 | D        | Noticed Rupert
   926 | D        | Noticed Harold
   926 | D        | Noticed Duvessa
   927 | D        | Noticed Saint Roka
   927 | D        | Noticed Edmund
   927 | D        | Noticed Pikel
   927 | D        | Noticed Nessos
   927 | D        | Noticed Kirke
   928 | D        | Found a transporter.
   940 | D        | Demolished by Donald

Skill      XL: |  1  2  3  4  5  6  7  8  9 10 |
---------------+-------------------------------+-----
Fighting       | 2 4 6 |  6.4
Short Blades   | 5 9 11 12 13 14 | 14.6
Stealth        | 7 10 12 14 15 16 17 | 17.2
Spellcasting   | 6 8 10 | 10.7
Hexes          | 6 8 10 11 | 11.0
Conjurations   | 3 5 |  5.4
Dodging        | |  3.0

Action                   |  1- 3 |  4- 6 |  7- 9 | 10-12 || total
-------------------------+-------+-------+-------+-------++-------
Melee: Quick blade       |     2 |       |   113 |     8 ||   123
       Dagger            |       |       |       |    11 ||    11
 Cast: Confuse           |       |       |    22 |       ||    22
       Dazzling Spray    |       |       |     2 |     5 ||     7
       Ensorcelled Hiber |       |       |     1 |       ||     1
Invok: Shadow Step       |       |       |     4 |     1 ||     5
Evoke: Wand              |       |       |     1 |       ||     1
  Use: Potion            |     1 |       |     5 |     3 ||     9
       Scroll            |       |       |       |     1 ||     1
 Stab: Sleeping          |     2 |       |    13 |     9 ||    24
       Confused          |       |       |    12 |     3 ||    15
       Invisible         |       |       |     1 |     1 ||     2
Armor: Robe              |       |       |     4 |       ||     4
Dodge: Dodged            |       |     1 |    67 |     4 ||    72
